 Dungeon Crawl Stone Soup version 0.31-a0-188-g5e087ee2ca (webtiles) character file.

Game seed: 13000809450306216929

284 qw the Skirmisher (level 6, 0/35 HPs)
             Began as a Deep Elf Hunter on June 23, 2023.
             Succumbed to a water moccasin's poison
             ... on level 4 of the Dungeon.
             The game lasted 00:01:05 (2809 turns).

qw the Skirmisher (Deep Elf Hunter)                 Turns: 2809, Time: 00:01:06

Health: 0/35       AC:  7    Str: 10    XL:     6   Next: 7%
Magic:  8/8        EV: 11    Int: 14    God:
Gold:   40         SH:  0    Dex: 18    Spells: 5/5 levels left

rFire   + . .        Y - +0 shortbow (flame)
rCold   + . .        (shield currently unavailable)
rNeg    . . .        e - +0 ring mail
rPois   .            o - +0 helmet
rElec   .            l - scarf {rC+ rF+}
rCorr   .            (no gloves)
SInv    .            p - +0 pair of boots
Will    .....        c - amulet of regeneration
Stlth   +            (no ring)
HPRegen 1.05/turn    (no ring)
MPRegen 0.11/turn

%: no passive effects
@: lethally poisoned (0 -> -6)
A: no striking features
a: no special abilities


You were on level 4 of the Dungeon.
You visited 1 branch of the dungeon, and saw 4 of its levels.

You collected 166 gold pieces.
You spent 126 gold pieces at shops.


   Skills:
 - Level 2.0 Fighting
 - Level 9.4 Ranged Weapons
 + Level 0.1 Armour
 - Level 2.4 Dodging
 - Level 1.2 Stealth


You had 5 spell levels left.
You didn't know any spells.
Your spell library was empty.

Inventory:

Hand Weapons
 Y - a +0 shortbow of flaming (weapon)
Armour
 e - a +0 ring mail (worn)
 l - a scarf of resistance (worn)
 o - a +0 helmet (worn)
 p - a +0 pair of boots (worn)
Jewellery
 b - a ring of protection from fire
 c - an amulet of regeneration (around neck)
Scrolls
 a - a scroll of poison {unknown}
 f - 2 scrolls of identify
 g - a scroll of fear {unknown}
Potions
 d - 4 potions of curing
 h - a potion of enlightenment
 j - a potion of attraction {unknown}
 k - a potion of ambrosia {unknown}
 m - 2 potions of mutation {unknown}
 n - a potion of might

Dungeon Overview and Level Annotations

Branches:
Dungeon (4/15)
 Temple: D:4-7

Altars:
Fedhas
Xom

Shops:
D:1 ?   D:3 [


Message History

You are poisoned.
The water moccasin poisons you!
You shoot an arrow.
The arrow closely misses the water moccasin.
You feel very sick.
The water moccasin bites you but does no damage.
The water moccasin bites you!
You are more poisoned.
The water moccasin poisons you!
You shoot an arrow. The arrow misses the water moccasin.
You feel very sick. The water moccasin closely misses you.
The water moccasin barely misses you.
You shoot an arrow.
The arrow hits the water moccasin but does no damage.
The water moccasin is moderately wounded.
You feel very sick.
The water moccasin bites you but does no damage.
You shoot an arrow.
The arrow hits the water moccasin but does no damage.
The water moccasin is moderately wounded.
You feel very sick. The water moccasin closely misses you.
The water moccasin barely misses you.
You shoot an arrow.
The arrow barely misses the water moccasin.
You feel sick. The water moccasin bites you.
You are lethally poisoned!
The water moccasin poisons you!
You shoot an arrow. The arrow hits the water moccasin.
The arrow burns the water moccasin.
The water moccasin is moderately wounded.
You feel very sick. The water moccasin misses you.
The water moccasin bites you but does no damage.
You shoot an arrow. The arrow hits the water moccasin!
The arrow burns the water moccasin.
The water moccasin is severely wounded.
You feel very sick. The water moccasin barely misses you.
You shoot an arrow. The arrow misses the water moccasin.
You die...

##.####..####..##
#..######.. #..#
#...#....## ###...)......
##..#
##........###....#####...
##...# ##...#..........#
##.. #..#####
######.######..# #..
..#....# #.# #..# ##..
.......# #.# #..# ##...
.......# #.# #..# ##...#
#..##..# #@# ##..###..##.
#..###.# #S#
##.......###. #..##..#
..####.......###..
#...##.##
...##.........#..)#
#..###..##
.>####.............# ####
##..## ..#
##..###.....### ##..##..
#### ##..### # ##.###.
#.### # ##.## ##.# #.


You could see a water moccasin.

Vanquished Creatures
  A phantom (D:4)
  A hound (D:4)
  Natasha (D:2)
  4 gnolls (D:4)
  3 adders
  5 worms
  A dart slug (D:1)
  4 orcs (D:3)
  4 endoplasms
  3 giant cockroaches
  8 goblins
  5 hobgoblins
  4 jackals (D:3)
  4 kobolds
  3 quokkas
  10 ball pythons
  3 bats
  2 frilled lizards (D:1)
  6 rats
72 creatures vanquished.

Notes
Turn   | Place    | Note
-------+----------+-------------------------------------------
     0 | D:1      | qw the Deep Elf Hunter began the quest for the Orb.
     0 | D:1      | Reached XP level 1. HP: 12/12 MP: 3/3
     0 | D:1      | 0 ||| qw: Version: 0.3-a-9-g12657ce
     0 | D:1      | 0 ||| qw: Game counter: 4087
     0 | D:1      | 0 ||| qw: Always use a shield: true
     0 | D:1      | 0 ||| qw: God list: Okawaru
     0 | D:1      | 0 ||| qw: Allow faded altars: false
     0 | D:1      | 0 ||| qw: Do Orc after D:15 true
     0 | D:1      | 0 ||| qw: Do second Lair branch before Depths: true
     0 | D:1      | 0 ||| qw: Lair rune preference: random
     0 | D:1      | 0 ||| qw: Plans: Normal
     0 | D:1      | 0 ||| PLANNING D:1-11
   273 | D:1      | Found Tirgh's Magic Scroll Boutique.
   283 | D:1      | Reached XP level 2. HP: 16/16 MP: 4/4
   285 | D:1      | Reached skill level 6 in Ranged Weapons
   287 | D:1      | 287 ||| SHOPLISTING 2 scrolls of identify (52 gold, have
                  | 6).
   287 | D:1      | 287 ||| SHOPLISTING scroll of acquirement (676 gold, have
                  | 6).
   287 | D:1      | 287 ||| SHOPLISTING scroll of enchant armour (97 gold, have
                  | 6).
   287 | D:1      | 287 ||| SHOPLISTING scroll of identify (26 gold, have 6).
   287 | D:1      | 287 ||| SHOPLISTING scroll of teleportation (39 gold, have
                  | 6).
   654 | D:1      | 654 ||| UPGRADING to +0 ring mail.
   664 | D:1      | 664 ||| DROPPING +0 leather armour.
   665 | D:1      | 665 ||| READING scroll labelled ANTAES ZURABU.
   666 | D:1      | 666 ||| READING scroll labelled GALLAMN KIZISCH.
   667 | D:1      | 667 ||| READING scroll labelled JYDOCA IFIOXT.
   668 | D:1      | 668 ||| READING scroll labelled QERPHE ZICAKEUC.
   669 | D:1      | 669 ||| DRINKING 2 amethyst potions.
   670 | D:1      | 670 ||| DROPPING scroll of butterflies.
   719 | D:2      | Noticed Natasha
   721 | D:2      | Killed Natasha
   722 | D:2      | Reached skill level 7 in Ranged Weapons
   722 | D:2      | Reached XP level 3. HP: 20/20 MP: 5/5
   853 | D:2      | Reached XP level 4. HP: 21/25 MP: 6/6
  1392 | D:2      | 1392 ||| UPGRADING to amulet of regeneration.
  1397 | D:2      | 1397 ||| READING scroll labelled TUIXOAVIWA.
  1402 | D:2      | 1402 ||| DRINKING 3 sapphire potions.
  1403 | D:2      | 1403 ||| READING 2 scrolls of identify.
  1403 | D:2      | 1403 ||| IDENTIFYING grey potion
  1404 | D:2      | 1404 ||| DROPPING potion of lignification.
  1542 | D:3      | Found a blossoming altar of Fedhas.
  1543 | D:3      | Found a shimmering altar of Xom.
  1598 | D:3      | Reached skill level 8 in Ranged Weapons
  2013 | D:3      | Found Xiagoh's Armour Shop.
  2021 | D:3      | 2021 ||| BUYING +0 helmet (63 gold).
  2021 | D:3      | Bought a +0 helmet for 63 gold pieces
  2021 | D:3      | 2021 ||| BUYING +0 pair of boots (63 gold).
  2021 | D:3      | Bought a +0 pair of boots for 63 gold pieces
  2021 | D:3      | 2021 ||| SHOPLISTING +0 steam dragon scales "Avoyharch"
                  | {rN+++ Str-2 Dex-2 SInv} (893 gold, have 12).
  2021 | D:3      | 2021 ||| SHOPLISTING +1 helmet of the Volcano {rF+} (329
                  | gold, have 12).
  2021 | D:3      | 2021 ||| SHOPLISTING +2 leather armour of cold resistance
                  | (266 gold, have 12).
  2337 | D:3      | 2337 ||| UPGRADING to scarf of resistance.
  2342 | D:3      | 2342 ||| UPGRADING to +0 helmet.
  2347 | D:3      | 2347 ||| UPGRADING to +0 pair of boots.
  2352 | D:3      | 2352 ||| READING scroll labelled HENKOAGUYG.
  2353 | D:3      | 2353 ||| READING scroll labelled FIOFEOBAIPH.
  2354 | D:3      | 2354 ||| READING scroll labelled XOILAI AHALI.
  2355 | D:3      | 2355 ||| DRINKING 2 dark potions.
  2356 | D:3      | 2356 ||| READING 3 scrolls of identify.
  2356 | D:3      | 2356 ||| IDENTIFYING murky emerald potion
  2357 | D:3      | 2357 ||| READING 2 scrolls of identify.
  2357 | D:3      | 2357 ||| IDENTIFYING metallic green potion
  2358 | D:3      | 2358 ||| DROPPING potion of berserk rage.
  2359 | D:3      | 2359 ||| DROPPING potion of brilliance.
  2395 | D:4      | Reached XP level 5. HP: 28/29 MP: 7/7
  2452 | D:4      | Noticed a phantom
  2459 | D:4      | Killed a phantom
  2460 | D:4      | Reached skill level 9 in Ranged Weapons
  2499 | D:4      | Reached XP level 6. HP: 35/35 MP: 8/8
  2796 | D:4      | Noticed a water moccasin
  2806 | D:4      | HP: 8/35 [water moccasin (1)]
  2808 | D:4      | HP: 1/35 [poisoned by a water moccasin]
  2809 | D:4      | Succumbed to a water moccasin's poison

Levels and vault maps discovered:
D:1:      ncdulo_smallfort, layout_basic, serial_shops, nicolae_square_shop
D:2:      layout_loops_cross, guppyfry_early_lair_pool, uniq_natasha
D:3:      layout_basic, minitemple, serial_shops, shop, nicolae_wormholes
D:4:      layout_layer_cave, mainiacjoe_overflow_24_doors

Skill      XL: |  1  2  3  4  5 |
---------------+----------------+-----
Ranged Weapons | 7 8 9 |  9.4
Fighting       | 2 |  2.0
Armour         | |  0.1
Dodging        | |  2.4
Stealth        | |  1.2

Action                     |  1- 3 |  4- 6 || total
---------------------------+-------+-------++-------
   Fire: Shortbow          |    96 |   144 ||   240
    Use: Scroll            |     4 |     7 ||    11
         Potion            |     1 |     2 ||     3
 Armour: Leather armour    |     5 |       ||     5
         Ring mail         |     7 |    24 ||    31
  Dodge: Dodged            |    15 |    46 ||    61

Table legend:
 A = Non-vault XP
 B = Vault XP
 C = Vault XP percentage of total XP
 D = Non-vault monster count
 E = Vault monster count
 F = Vault count percentage of total count
                 A         B        C        D         E       F
            +---------+---------+-------+---------+---------+-------
      Total |     356 |      50 |  12.3 |      68 |       4 |   5.6
            +---------+---------+-------+---------+---------+-------
        D:1 |      35 |       0 |   0.0 |      22 |       0 |   0.0
        D:2 |      58 |      35 |  37.6 |      18 |       1 |   5.3
        D:3 |      46 |      15 |  24.6 |      17 |       3 |  15.0
        D:4 |     217 |       0 |   0.0 |      11 |       0 |   0.0
            +---------+---------+-------+---------+---------+-------
